 Dungeon Crawl Stone Soup version 0.17-a0-1399-gd5b76e1 (webtiles) character file.

1064 Lathuz the Basher (level 8, 0/64 HPs)
             Began as a Minotaur Berserker on June 18, 2015.
             Was a Priest of Trog.
             Slain by an orc warrior
             ... wielding a +0 hand axe
              (8 damage)
             ... on level 6 of the Dungeon.
             The game lasted 00:13:55 (3731 turns).

Lathuz the Basher (Minotaur Berserker)              Turns: 3731, Time: 00:13:57

Health: 0/64       AC: 11    Str: 22      XL:     8   Next: 6%
Magic:  7/7        EV:  7    Int:  4      God:    Trog [***...]
Gold:   182        SH:  0    Dex: 11 (12) Spells: 0 memorised, 7 levels left

rFire  x . .     SeeInvis .     A - +0 flail (holy)
rCold  + . .     Clarity  .     z - +0 plate armour
rNeg   . . .     SustAt   .     (no shield)
rPois  .         Gourm    +     (helmet restricted)
rElec  .         Spirit   .     (no cloak)
rCorr  .         Warding  .     (no gloves)
rMut   .         Stasis   .     (no boots)
MR     ++...                    h - amulet of the gourmand
Stlth  ..........               q - ring of ice
                                (no ring)

@: exhausted, regenerating, slowed, very slow, very resistant to hostile
enchantments, extremely unstealthy
A: retaliatory headbutt, horns 2
a: Burn Spellbooks, Berserk, Trog's Hand, Renounce Religion


You were on level 6 of the Dungeon.
You worshipped Trog.
Trog was most pleased with you.
You were very hungry.

You visited 1 branch of the dungeon, and saw 7 of its levels.

You collected 182 gold pieces.

Inventory:

Hand weapons
 a - a +0 mace
 A - a +0 flail of holy wrath (weapon)
Missiles
 u - 2 needles of confusion
Armour
 g - a +0 chain mail
 n - a +0 scale mail
 w - the +6 ring mail of the Planets {rPois rF+ Dex+2}
   (You found it on level 7 of the Dungeon)

   It affects your dexterity (+2).
   It protects you from fire.
   It protects you from poison.
 z - a +0 plate armour (worn)
Jewellery
 h - an amulet of the gourmand (around neck)
 q - a ring of ice (right hand)
 s - an uncursed ring of protection from magic {unknown}
Magical devices
 r - a wand of paralysis (12)
Scrolls
 e - 3 scrolls of identify
 v - 2 scrolls of teleportation {unknown}
 x - a scroll of recharging {unknown}
 y - a scroll of blinking {unknown}
Potions
 b - a potion of magic {unknown}
 i - 2 potions of flight {unknown}
 j - 2 potions of cancellation
 l - 2 potions of curing {unknown}
 m - a potion of might {unknown}
 o - 2 potions of cure mutation {unknown}
 t - a potion of resistance {unknown}
Comestibles
 c - 2 bread rations
 d - 2 slices of pizza
 f - 4 beef jerkies
 k - a meat ration
 p - 7 chunks of flesh


   Skills:
 - Level 3.6 Fighting
 + Level 11.6 Maces & Flails
 - Level 2.4 Armour
 - Level 2.1 Dodging


You had 7 spell levels left.
You didn't know any spells.

Dungeon Overview and Level Annotations

Branches:
Dungeon (8/15)
 Temple: D:4-7         Lair: D:8-11

Altars:
Fedhas
Kikubaaqudgha
Nemelex Xobeh
Zin
The Shining One


Innate Abilities, Weirdness & Mutations

You reflexively headbutt those who attack you in melee.
You have a pair of horns on your head.


Message History

The orc warrior is heavily wounded.
The orc warrior hits you with a hand axe.
* * * LOW HITPOINT WARNING * * *
You hit the orc warrior but do no damage.
Your headbutt misses the orc warrior.
The orc warrior is heavily wounded.
The orc closely misses you.
The orc warrior hits you but does no damage.
You thump the orc warrior!
The orc warrior is almost dead.
The orc barely misses you.
The orc warrior hits you but does no damage.
Use which ability? (? or * to list)
Your skin crawls.
You feel resistant to hostile enchantments.
You feel slightly more hungry.
You are feeling very hungry.
The orc hits you but does no damage.
The orc warrior hits you with a hand axe!
You die...

####### ##########.....#####
+....#......)............
....+......†>...####.### #
#...#...........##.....# #.
#...##.@o..##...#....... #..
#...####o####...#....... #...
#...##..o..##>......_... #....
#..)#......##)).#.......
#.....##..)#o.......(..#.......
#.....o.o.))...........##.....#
#.....##...##.....###..####.###
#.... #..(##.....##...[.......
#... #...##+######...#..##...


You could see an orc warrior and 2 orcs.

Vanquished Creatures
  Sigmund (D:3)
  An orc warrior (D:6)
  2 centaurs (D:7)
  An ogre (D:7)
  A giant frog (D:7)
  2 scorpions (D:4)
  A crimson imp (D:7)
  A quasit (D:7)
  A giant frog zombie (D:7)
  An orc wizard (D:3)
  A hound (D:7)
  A gnoll shaman (D:6)
  A giant frog skeleton (D:7)
  2 worker ants (D:6)
  2 adders
  3 gnolls (D:6)
  An ooze (D:3)
  2 adder skeletons (D:4)
  2 worms
  5 giant geckos
  13 orcs
  14 bats
  6 goblins
  5 hobgoblins
  2 ball pythons (D:2)
  3 giant cockroaches
  4 giant newts
  7 kobolds
  4 quokkas
  10 rats
100 creatures vanquished.

Notes
Turn   | Place    | Note
--------------------------------------------------------------
     0 | D:1      | Lathuz the Minotaur Berserker began the quest for the Orb.
     0 | D:1      | Reached XP level 1. HP: 19/19 MP: 0/0
   164 | D:1      | Reached skill level 4 in Maces & Flails
   273 | D:1      | Reached XP level 2. HP: 26/26 MP: 1/1
   740 | D:2      | Reached skill level 5 in Maces & Flails
   799 | D:2      | Acquired Trog's second power
   829 | D:2      | Found a sparkling altar of Nemelex Xobeh.
   965 | D:2      | Reached XP level 3. HP: 31/31 MP: 2/2
  1473 | D:3      | Noticed Sigmund
  1483 | D:3      | Killed Sigmund
  1483 | D:3      | Reached skill level 7 in Maces & Flails
  1483 | D:3      | Reached XP level 4. HP: 39/39 MP: 3/3
  1483 | D:3      | Reached XP level 5. HP: 45/45 MP: 4/4
  1542 | D:3      | Found a glowing silver altar of Zin.
  1861 | D:3      | Reached skill level 8 in Maces & Flails
  1967 | D:4      | Reached XP level 6. HP: 47/51 MP: 5/5
  2378 | D:4      | Found a blossoming altar of Fedhas.
  2381 | D:4      | Found an ancient bone altar of Kikubaaqudgha.
  2428 | D:4      | You fall through a shaft for 3 floors!
  2451 | D:7      | Reached skill level 9 in Maces & Flails
  2693 | D:7      | Got a jacinth-encrusted ring mail
  2760 | D:7      | Identified the +6 ring mail of the Planets {rPois rF+ Dex+2} (You found it on level 7 of the Dungeon)
  2796 | D:7      | Reached XP level 7. HP: 57/57 MP: 6/6
  2993 | D:7      | Reached skill level 10 in Maces & Flails
  3154 | D:7      | Received a gift from Trog
  3355 | D:6      | Found a glowing golden altar of the Shining One.
  3366 | D:6      | Reached skill level 11 in Maces & Flails
  3609 | D:6      | Reached XP level 8. HP: 61/64 MP: 7/7
  3731 | D:6      | Slain by an orc warrior

Vault maps used:
D:1:      dpeg_arrival_three_same_balls
D:2:      nemelex_spade_bored_becter
D:3:      lemuel_crystal_altar, minmay_misc_feat_columns, uniq_sigmund
D:4:      kennysheep_six_static_rooms, grunt_temple_overflow_growth_and_decay,
          grunt_temple_overflow_open, serial_shops, nicolae_shop_behind_doors,
          first_bread
D:6:      old_standard_altar, minitemple, serial_shops, shop, uniq_duvessa
D:7:      kennysheep_generic_room_2

Action                   |  1- 3 |  4- 6 |  7- 9 || total
-------------------------+-------+-------+-------++-------
Melee: Mace              |   101 |    67 |    67 ||   235
       Whip              |       |    24 |       ||    24
       Flail             |       |       |    25 ||    25
Invok: Berserk           |     2 |     1 |     2 ||     5
       Burn Spellbooks   |       |       |     1 ||     1
       Trog's Hand       |       |       |     2 ||     2
  Use: Scroll            |     4 |     1 |       ||     5
  Eat: Chunk             |     3 |     4 |     2 ||     9
       Bread ration      |       |     1 |       ||     1
